 Dungeon Crawl Stone Soup version 0.29-a0-243-g602b31c20e (webtiles) character file.

Game seed: 8529937975849861677

25323 Ajdolov the Marksspriggan (level 12, -1/66 HPs)
             Began as a Spriggan Hunter on Mar 4, 2022.
             Was a Believer of Hepliaklqana.
             Slain by Harold
             ... wielding a +0 scimitar
              (14 damage)
             ... on level 2 of the Lair of Beasts.
             The game lasted 00:27:17 (13670 turns).

Ajdolov the Marksspriggan (Spriggan Hunter)        Turns: 13670, Time: 00:27:18

Health: -1/66      AC:  6    Str: 12    XL:     12   Next: 88%
Magic:  0/13       EV: 10    Int: 12    God:    Hepliaklqana [**....]
Gold:   591        SH:  0    Dex: 25    Spells: 11/11 levels left

rFire   . . .      SeeInvis +   a - +1 shortbow
rCold   . . .      Faith    .   (shield currently unavailable)
rNeg    . . .      Spirit   +   H - +0 troll leather armour
rPois   .          Reflect  .   b - +1 hat {Will+}
rElec   .          Harm     .   n - +0 cloak
rCorr   .          Rampage  .   (gloves unavailable)
Will    +++..                   (boots unavailable)
Stlth   ++........              m - amulet of guardian spirit
HPRegen 1.01/turn               d - +4 ring of slaying
MPRegen 0.13/turn               C - ring of Yendor {Str+4 Dex+4 Slay+4}

@: held, very quick
A: reduced essence, very small, no large weapons, unfitting armour, see
invisible, speed 3
a: Renounce Religion, Ancestor Life: Knight, Ancestor Life: Battlemage, Ancestor
Life: Hexer, Recall Ancestor, Ancestor Identity


You were on level 2 of the Lair of Beasts.
You worshipped Hepliaklqana.
Hepliaklqana was pleased with you.
You visited 3 branches of the dungeon, and saw 14 of its levels.
You visited the Abyss 1 time.
You also visited: Ice Cave.

You collected 759 gold pieces.
You spent 168 gold pieces at shops.

Inventory:

Hand Weapons
 a - a +1 shortbow (weapon)
Missiles
 j - 13 curare-tipped darts
Armour
 b - a +1 hat of willpower (worn)
 n - a +0 cloak (worn)
 H - a +0 troll leather armour (worn)
Jewellery
 d - a +4 ring of slaying (left hand)
 m - an amulet of guardian spirit (around neck)
 v - a ring of ice
 C - the ring of Yendor (right hand) {Str+4 Dex+4 Slay+4}
   (You found it in an ice cave)

   [ring of slaying]

   Str:       It affects your strength (+4).
   Dex:       It affects your dexterity (+4).
   Slay:      It affects your accuracy & damage with ranged weapons and melee
   (+4).
Wands
 t - a wand of flame (19)
 y - a wand of mindburst (13)
 z - a wand of paralysis (20)
 B - a wand of iceblast (15)
 E - a wand of digging (5)
Scrolls
 e - 2 scrolls of amnesia {unknown}
 g - 5 scrolls of teleportation
 h - 2 scrolls of holy word
 k - 4 scrolls of vulnerability
 o - 2 scrolls of immolation
 r - 3 scrolls of fog
 w - 2 scrolls of enchant weapon
 A - 3 scrolls of fear
 D - 3 scrolls of silence
 F - a scroll of magic mapping {unknown}
 I - a scroll of noise {unknown}
 J - a scroll of enchant armour {unknown}
 L - a scroll of identify
Potions
 c - 4 potions of flight
 f - a potion of berserk rage {unknown}
 i - 2 potions of brilliance {unknown}
 l - 3 potions of attraction {unknown}
 p - 3 potions of might {unknown}
 q - 2 potions of degeneration
 s - 11 potions of curing
 u - 2 potions of mutation {unknown}
 x - a potion of lignification {unknown}
 G - a potion of ambrosia {unknown}
 K - a potion of cancellation {unknown}


   Skills:
 - Level 14.0 Fighting
 - Level 16.0 Bows
 + Level 2.1 Armour
 + Level 4.9 Dodging
 - Level 1.5 Stealth
 * Level 5.6 Evocations


You had 11 spell levels left.
You didn't know any spells.
Your spell library contained the following spells:

 Spells                   Type           Power      Damage    Failure   Level
 Beastly Appendage        Tmut           0%         N/A       38%         1
 Sting                    Tmut/Pois      0%         1d3       38%         1
 Corpse Rot               Necr/Air       0%         N/A       54%         2
 Poisonous Vapours        Pois/Air       0%         N/A       54%         2
 Wereblood                Tmut           0%         N/A       54%         2
 Conjure Flame            Conj/Fire      0%         6-21      77%         3
 Ignite Poison            Fire/Tmut/Pois 0%         N/A       77%         3
 Spider Form              Tmut/Pois      0%         N/A       77%         3
 Olgreb's Toxic Radiance  Pois           0%         N/A       99%         4
 Sticky Flame             Conj/Fire      0%         2d3       99%         4


Dungeon Overview and Level Annotations

Branches:
Dungeon (11/15)            Temple (1/1) D:5            Lair (2/6) D:9
 Shoals (0/4) Lair:2        IceCv (visited)
  Snake: Lair:2-4    Spider: Lair:2-4       Orc: D:9-12

Altars:
Ashenzari
Cheibriados
Dithmenos
Elyvilon
Fedhas
Gozag
Hepliaklqana
Kikubaaqudgha
Makhleb
Nemelex Xobeh
Okawaru
Qazlal
Ru
Sif Muna
Trog
Uskayaw
Vehumet
Wu Jian
Xom
Yredelemnul
Zin
The Shining One

Shops:
D:7 !   D:11 *

Annotations:
D:5 exclusions: door and 1 more exclusion
D:6 exclusion: oklob plant
Lair:2 Harold


Innate Abilities, Weirdness & Mutations

Your life essence is reduced to manifest your ancestor. (-10% HP)
You are very small and have problems with some larger weapons.
You are too small for most types of armour.
You have supernaturally acute eyesight. (SInv)
You cover ground extremely quickly. (Speed+++)


Message History

The dream sheep ruffle their wool and motes of dream dust sparkle, to no effect.
You shoot an arrow. The arrow barely misses Harold.
The dream sheep bleats!
The arrow hits the plant!
The plant begins to die.
The plant is lightly damaged.
Harold gestures at you while chanting.
You struggle to resist.
You shoot an arrow. The arrow hits Harold!
Harold is moderately wounded.
You shoot an arrow.
The arrow hits Harold but does no damage.
Harold is moderately wounded.
The dream sheep shake their wool and sparkle.
You feel drowsy...
You fall asleep.
A dream sheep comes into view.
A nearby plant withers and dies.
Harold throws a throwing net.
The throwing net hits you.
You become entangled in the net!
The dream sheep bites the plant!
The plant begins to die.
Harold hits you with a +0 scimitar!!!
You wake up.
A dream sheep comes into view.
You hear a bleat!
You struggle against the net.
Harold hits you with a +0 scimitar!!
You tear a large gash into the net.
A nearby plant withers and dies.
Harold hits you with a +0 scimitar!
* * * LOW HITPOINT WARNING * * *
Unknown command.
Okay, then.
Okay, then.
As you read the scroll of fear, it crumbles to dust.
You assume a fearsome visage.
Harold resists with almost no effort.
The dream sheep looks frightened!
A frightened dream sheep leaps away.
The dream sheep looks frightened!
The dream sheep bleats in terror.
The dream sheep looks frightened!
The dream sheep bleats in terror.
The dream sheep looks frightened!
The dream sheep bleats in terror.
Harold hits you with a +0 scimitar!
You die...

.....P.###..# #### ###
.P.P... ....######..###P#
.......###....#....#.....
>.P.P...##......####.#...
...PP...P##...#..# ###...
.P..PP..##.....### #...
...P.....#..#..# #P..
.P.....$...####..# #...
P..Y.Y.@@.## #..# ##..
....#.P...# #.# #.. ...
#.#Y...# #..# ##.. .
........# #P..##...
#......... ##..##P..
.....#####.. ....##...
$...# #.. .....##.. ...
... ........# ###...#.


You could see Harold and 3 dream sheep.

Vanquished Creatures
  Gastronok (D:10)
  An azure jelly (IceCv)
  A boulder beetle (D:11)
  2 hydras
  Erica (D:10)
  3 two-headed ogres
  Sonja (D:10)
  A deep elf pyromancer (D:7)
  2 ice statues (IceCv)
  2 cane toads
  An unseen horror (D:10)
  2 rime drakes (Lair:1)
  A komodo dragon (Lair:2)
  2 trolls
  5 entropy weaver simulacra (IceCv)
  A polar bear (D:8)
  23 slime creatures (IceCv)
  2 dream sheep (Lair:2)
  2 shadows
  11 yaks
  3 basilisks (Lair:1)
  Menkaure (D:5)
  6 vampire mosquitoes
  5 demonic crawler simulacra (IceCv)
  3 water moccasins
  7 orc warriors
  An ugly thing simulacrum (IceCv)
  2 ogres (D:4)
  3 sky beasts
  4 black bears
  2 ice beasts (D:8)
  4 wolves (Lair:1)
  4 centaurs
  Blork the orc (D:4)
  A phantom (D:7)
  4 kobold brigands
  8 bullfrogs
  A necrophage (D:6)
  6 glowing shapeshifter simulacra (IceCv)
  4 scorpions
  5 wights (D:7)
  6 killer bees (D:9)
  A howler monkey (D:10)
  4 hounds
  A gnoll shaman (D:7)
  4 orc priests
  5 jellies (D:6)
  Crazy Yiuf (D:4)
  3 iguanas
  Jessica (D:3)
  11 orc wizards
  A killer bee simulacrum (D:8)
  15 gnolls
  2 adders
  A shadow imp (D:6)
  3 white imps (D:8)
  2 ufetubi
  5 dart slugs
  4 worms
  38 orcs
  20 endoplasms
  2 giant cockroaches
  10 goblins
  7 hobgoblins
  4 jackals (D:5)
  20 kobolds
  5 quokkas
  7 ball pythons
  3 bats (D:2)
  2 frilled lizards (D:1)
  5 rats
  A spectral kobold (D:10)
334 creatures vanquished.

Vanquished Creatures (others)
  An ancestor (D:11)
  19 fungi
  20 plants
40 creatures vanquished.

Grand Total: 374 creatures vanquished

Notes
Turn   | Place    | Note
-------+----------+-------------------------------------------
     0 | D:1      | Ajdolov the Spriggan Hunter began the quest for the Orb.
     0 | D:1      | Reached XP level 1. HP: 10/10 MP: 2/2
   143 | D:1      | Reached skill level 5 in Bows
   214 | D:1      | Noticed an eye of devastation
   216 | D:1      | Found a faded altar of an unknown god.
   218 | D:1      | Noticed an eye of devastation
   218 | D:1      | Noticed a floating eye
   218 | D:1      | Noticed a great orb of eyes
   245 | D:1      | Reached XP level 2. HP: 15/15 MP: 3/3
   816 | D:1      | Reached XP level 3. HP: 18/18 MP: 4/4
  1105 | D:2      | Reached skill level 6 in Bows
  2033 | D:3      | Noticed Jessica
  2034 | D:3      | Killed Jessica
  2035 | D:3      | Reached XP level 4. HP: 23/23 MP: 5/5
  2040 | D:3      | Found a shimmering blue altar of Sif Muna.
  2209 | D:3      | Found an ancient bone altar of Kikubaaqudgha.
  2448 | D:3      | Reached XP level 5. HP: 27/27 MP: 6/6
  2452 | D:3      | Reached skill level 7 in Bows
  3062 | D:4      | Noticed an ogre
  3067 | D:4      | Killed an ogre
  3068 | D:4      | Reached skill level 8 in Bows
  3068 | D:4      | Reached XP level 6. HP: 32/32 MP: 7/7
  3304 | D:4      | Found an iron altar of Okawaru.
  3349 | D:4      | Found a runed translucent door.
  3350 | D:4      | Noticed Crazy Yiuf
  3426 | D:4      | Noticed Blork the orc
  3437 | D:4      | Killed Blork the orc
  3438 | D:4      | Reached XP level 7. HP: 9/37 MP: 2/8
  3981 | D:4      | Killed Crazy Yiuf
  3982 | D:4      | Reached skill level 9 in Bows
  4039 | D:5      | Entered Level 5 of the Dungeon
  4039 | D:5      | Noticed Menkaure
  4297 | D:5      | Killed Menkaure
  4607 | D:5      | Found a staircase to the Ecumenical Temple.
  4615 | D:5      | Noticed a kobold demonologist
  4653 | Temple   | Entered the Ecumenical Temple
  4748 | D:5      | Noticed an orange demon
  4748 | D:5      | Noticed a sun demon
  4750 | D:5      | Noticed a chaos spawn
  4843 | D:6      | Reached skill level 10 in Bows
  4953 | D:6      | Found a white marble altar of Elyvilon.
  4959 | D:6      | Found a blossoming altar of Fedhas.
  4991 | D:6      | Reached XP level 8. HP: 42/42 MP: 9/9
  5102 | D:6      | Found a sacrificial altar of Ru.
  5138 | D:6      | Reached skill level 5 in Fighting
  5138 | D:6      | Reached skill level 11 in Bows
  5212 | D:6      | Found a bloodstained altar of Trog.
  5750 | D:6      | Noticed an oklob plant
  6021 | D:6      | Reached skill level 12 in Bows
  6300 | D:7      | Found Yfriagag's Distillery.
  6316 | D:7      | Reached XP level 9. HP: 48/48 MP: 10/10
  6319 | D:7      | Bought a potion of heal wounds for 60 gold pieces
  6319 | D:7      | Bought a potion of curing for 36 gold pieces
  6319 | D:7      | Bought a potion of curing for 36 gold pieces
  6319 | D:7      | Bought a potion of curing for 36 gold pieces
  6389 | D:7      | Noticed a deep elf pyromancer
  6737 | D:7      | Reached skill level 13 in Bows
  6837 | D:7      | Found a shimmering altar of Xom.
  7098 | D:7      | Killed a deep elf pyromancer
  7135 | D:8      | Noticed a two-headed ogre
  7152 | D:8      | Killed a two-headed ogre
  7153 | D:8      | Reached skill level 14 in Bows
  7447 | D:8      | Reached XP level 10. HP: 55/55 MP: 11/11
  7463 | D:8      | Found an opulent altar of Gozag.
  7904 | D:9      | Reached skill level 15 in Bows
  8262 | D:9      | Found a sparkling altar of Nemelex Xobeh.
  8446 | D:9      | Found a staircase to the Lair.
  9055 | D:10     | Entered Level 10 of the Dungeon
  9104 | D:10     | Noticed Sonja
  9121 | D:9      | Reached skill level 16 in Bows
  9370 | D:10     | Noticed Gastronok
  9413 | D:10     | Noticed Erica
  9424 | D:10     | Noticed a two-headed ogre
  9433 | D:10     | Found a burning altar of Makhleb.
  9508 | D:10     | Killed a two-headed ogre
  9741 | D:10     | Killed Gastronok
  9742 | D:10     | Reached XP level 11. HP: 62/62 MP: 10/12
  9778 | D:10     | Killed Erica
  9849 | D:10     | Reached skill level 10 in Fighting
  9883 | D:10     | Cast into level 2 of the Abyss (Sonja)
  9910 | Abyss:2  | Noticed a daeva
  9975 | Abyss:2  | Noticed a starcursed mass
 10004 | Abyss:2  | Noticed a thrashing horror
 10005 | Abyss:2  | Noticed a wretched star
 10143 | D:10     | Escaped the Abyss
 10156 | D:10     | Killed Sonja
 10409 | D:10     | Found a hazy altar of Hepliaklqana.
 10419 | D:10     | Became a worshipper of Hepliaklqana the Forgotten
 10485 | D:10     | Found a radiant altar of Vehumet.
 10567 | D:11     | Found a frozen archway.
 10572 | D:11     | Noticed a two-headed ogre
 10590 | D:11     | Killed a two-headed ogre
 10613 | IceCv    | Entered an ice cave
 11027 | IceCv    | Reached XP level 12. HP: 72/72 MP: 13/13
 11254 | IceCv    | Found a viscous altar of Jiyva.
 11254 | IceCv    | Noticed an azure jelly
 11358 | IceCv    | Killed an azure jelly
 11585 | IceCv    | Identified the ring of Yendor {Str+4 Dex+4 Slay+4}
 11837 | D:11     | Reached * piety under Hepliaklqana
 11892 | D:11     | Noticed a boulder beetle
 11935 | D:11     | Killed a boulder beetle
 12133 | D:11     | Found Uneog's Serpentskin Sales.
 12579 | Lair:1   | Entered Level 1 of the Lair of Beasts
 12785 | Lair:1   | Noticed a four-headed hydra
 12790 | Lair:1   | Killed a four-headed hydra
 12828 | Lair:1   | Reached ** piety under Hepliaklqana
 12949 | Lair:1   | Reached skill level 1 in Armour
 13582 | Lair:2   | Noticed an eight-headed hydra
 13600 | Lair:2   | Killed an eight-headed hydra
 13601 | Lair:2   | Reached skill level 5 in Evocations
 13640 | Lair:2   | Found a staircase to the Shoals.
 13644 | Lair:2   | Noticed Harold
 13670 | Lair:2   | Slain by Harold

Illustrated notes

Levels and vault maps discovered:
D:1:      dpeg_arrival_stone_temple_mockup, layout_basic,
          hellmonk_ecumenical_altar_watching_god, minmay_misc_feat_x,
          hex_medium, minmay_crystal_room, minmay_tall_x
D:2:      layout_basic, minmay_pentomino_v2
D:3:      layout_basic, lemuel_crystal_altar, tgw_sif, grunt_ministairs_8
D:4:      layout_cave_pods, okawaru_metal_pillars_1_2, uniq_blork_the_orc,
          uniq_crazy_yiuf_cottage
D:5:      layout_gridville, minmay_temple_entry_statues, uniq_menkaure
D:6:      lemuel_slime, layout_basic, nicolae_ru_awakened_eye,
          mainiacjoe_overflow_catwalk_spiral, trog_ov_bears_minmay,
          patterned_corridor
D:7:      layout_layer_cave, mainiacjoe_overflow_chevrons, serial_shops,
          nicolae_shop_trees, guppyfry_early_elven_hall
D:8:      layout_rooms, nicolae_gozag_cash_rules_everything_around_me,
          serial_ice, serial_ice_d, serial_ice_j, serial_ice_n, serial_ice_c,
          minivault_11
D:9:      layout_stronghold, nemelex_spade_bored_becter,
          grunt_lair_entry_orc_guard_hut
D:10:     layout_rooms, nicolae_overflow_hidden_temple,
          mainiacjoe_overflow_brackets, nicolae_hepliaklqana_monster_ancestors,
          enter_bailey_3, uniq_gastronok, uniq_sonja, uniq_erica
D:11:     layout_cave_pods, portal_ice_cave_entry_pillars_2, guppyfry_shop_venom
Temple:   dpeg_three_leaves_temple
Lair:1:   layout_gridlike, serial_rivers, chequers_serial_rivers_small_b,
          chequers_serial_rivers_small_a, chequers_serial_rivers_micro_b,
          chequers_serial_rivers_large_a, chequers_serial_rivers_micro_d
Lair:2:   layout_layer_cave, minmay_shoals_entry_centaurs,
          spider_nest_entry_webs, serial_bayou_pond_d, st_stairs_3,
          minmay_shattered_shrine, infiniplex_staircase_pool, uniq_harold

Skill      XL: |  1  2  3  4  5  6  7  8  9 10 11 12 |
---------------+-------------------------------------+-----
Bows           | 5 6 8 10 12 14 16 | 16.0
Fighting       | 2 3 4 5 7 9 12 14 | 14.0
Dodging        | 4 |  4.9
Evocations     | 5 |  5.6
Armour         | 2 |  2.1
Stealth        | |  1.5

Action                   |  1- 3 |  4- 6 |  7- 9 | 10-12 || total
-------------------------+-------+-------+-------+-------++-------
Melee: Shortbow          |       |       |       |     5 ||     5
 Fire: Shortbow          |    78 |    88 |   319 |   865 ||  1350
Throw: Dart              |       |       |       |     1 ||     1
Evoke: Wand              |       |     1 |     4 |     7 ||    12
  Use: Scroll            |       |       |     7 |     6 ||    13
       Potion            |       |       |       |     1 ||     1
Armor: Robe              |     2 |       |     3 |     1 ||     6
       Troll leather arm |       |       |       |    19 ||    19
Dodge: Dodged            |    13 |     2 |    22 |   123 ||   160

Table legend: (Time is in decaauts)
 A = Elapsed time spent in this place.
 B = Non-inter-level travel time spent in this place.
 C = Inter-level travel time spent in this place.
 D = Time resting spent in this place.
 E = Time spent auto-exploring this place.
 F = Levels seen in this place.
 G = Mean time per level.
                   A        B        C        D        E       F      G
               +--------+--------+--------+--------+--------+-----+--------+
         Total |   9676 |   9326 |    350 |   1581 |   5303 |  17 |  569.2 |
       Dungeon |   7926 |   7582 |    344 |   1311 |   4532 |  11 |  720.5 |
        Temple |     55 |     55 |      0 |      0 |     34 |   1 |   55.0 |
          Lair |    718 |    712 |      6 |     25 |    549 |   2 |  359.0 |
         Abyss |    187 |    187 |      0 |     73 |      9 |   2 |   93.5 |
      Ice Cave |    788 |    788 |      0 |    172 |    176 |   1 |  788.0 |
               +--------+--------+--------+--------+--------+-----+--------+

Top non-repeatable levels by time:
     D:6: 1153 daAuts
     D:9: 1054 daAuts
     D:4: 988 daAuts
   IceCv: 788 daAuts
    D:10: 765 daAuts
     D:1: 654 daAuts
    D:11: 622 daAuts
     D:3: 592 daAuts
     D:2: 589 daAuts
     D:7: 584 daAuts
  Lair:1: 548 daAuts
     D:8: 501 daAuts
     D:5: 419 daAuts
  Lair:2: 170 daAuts
 Abyss:2: 167 daAuts
